[Event "Team 45 45 League T72"]
[Site "Internet Chess Club"]
[Date "2017.04.09"]
[Round "4"]
[White "kutch"]
[Black "crazyhorses"]
[Result "0-1"]
[WhiteElo "1516"]
[BlackElo "1386"]
[Opening "Queen's gambit accepted"]
[ECO "D20"]
[Time "13:01:47"]
[TimeControl "2700+45"]

1. d4 d5 2. c4 dxc4 3. e3 Nf6 4. Bxc4 a6 5. Nf3 e6 6. a3 b5 7. Bd3 Bb7 8. Nbd2
Nbd7 9. b4 Be7 10. O-O O-O 11. Bb2 Nb6 12. Rc1 Rc8 13. Qe2 c6 14. Rc2 Qc7 15.
Rfc1 Qb8 16. Ne4 Nxe4 17. Bxe4 Nc4 18. Bd3 Nxb2 19. Rxb2 Bf6 20. Rbc2 Rfd8 21.
Be4 Qa8 22. Rc3 Rd7 23. Qc2 Rdc7 24. Bxh7+ Kf8 25. Be4 a5 26. Rc5 axb4 27. Rh5
bxa3 28. Qc5+ Ke8 29. Rh8+ Kd7 30. Rxc8 Rxc8 31. Ne5+ Bxe5 32. dxe5 Ke8 33. Rd1
Rd8 34. Rxd8+ Qxd8 35. Qc1 b4 36. g3 a2 37. Bxc6+ Bxc6 38. Qxc6+ Qd7 39. Qa8+
Ke7 40. Qxa2 Qd1+ 41. Kg2 Qd5+ {White resigns} 0-1

[Event "Team 45 45 League T72"]
[Site "Internet Chess Club"]
[Date "2017.04.09"]
[Round "4"]
[White "rkjulianjr"]
[Black "sdcohle"]
[Result "0-1"]
[WhiteElo "1298"]
[BlackElo "1446"]
[Opening "QGD Slav defense: exchange variation"]
[ECO "D10"]
[Time "19:00:40"]
[TimeControl "2700+45"]

1. d4 d5 2. c4 c6 3. cxd5 cxd5 4. Bf4 Nf6 5. e3 e6 6. Nc3 a6 7. Bd3 Be7 8. h3
Nc6 9. a3 O-O 10. Nge2 Bd7 11. O-O Rc8 12. Rc1 Na7 13. Qb3 Bc6 14. Bh2 Qd7 15.
Rc2 Bd6 16. Ng3 Rc7 17. Rfc1 Rfc8 18. Qb6 Ra8 19. Na4 Nc8 20. Rxc6 Nxb6 21. Nxb6
Rxc6 22. Rxc6 Qxc6 23. Nxa8 Qc1+ 24. Nf1 Bxh2+ 25. Kxh2 Qxb2 26. Nc7 Qxa3 27.
Be2 Qd6+ {White resigns} 0-1

[Event "Team 45 45 League T72"]
[Site "Internet Chess Club"]
[Date "2017.04.09"]
[Round "4"]
[White "Visin"]
[Black "liujf"]
[Result "0-1"]
[WhiteElo "1365"]
[BlackElo "1644"]
[Opening "Giuoco Pianissimo: Italian four knights variation"]
[ECO "C50"]
[Time "08:30:13"]
[TimeControl "2700+45"]

1. e4 e5 2. Nf3 Nc6 3. Bc4 Bc5 4. Nc3 Nf6 5. d3 h6 6. O-O d6 7. h3 a6 8. a3 O-O
9. Be3 Ba7 10. b4 Nd4 11. Bxd4 exd4 12. Ne2 c5 13. Rb1 Rb8 14. Qd2 b5 15. Bb3
Bd7 16. c3 dxc3 17. Qxc3 Rc8 18. Ng3 cxb4 19. Qxb4 Bc5 20. Qd2 Bxa3 21. Ra1 b4
22. Nd4 Rc3 23. Nge2 Rc7 24. Nc2 Qb8 25. Nxa3 bxa3 26. Rxa3 Qa7 27. Bc4 Rc6 28.
Rb1 Be6 29. Qa2 Bxc4 30. dxc4 Nxe4 31. Nd4 Qxd4 32. Rxa6 Rxa6 33. Qxa6 Qxf2+ 34.
Kh2 Rd8 35. Qb5 Ng3 36. Rb2 Nf1+ 37. Kh1 Qf4 38. Kg1 Ng3 39. Rb1 h5 40. c5 Qe3+
41. Kh2 dxc5 42. Rb3 Nf1+ 43. Kh1 Qf4 44. Kg1 Rd1 45. Rf3 Nd2+ 46. Kf2 Nxf3 47.
gxf3 Qd2+ 48. Kg3 Rg1+ 49. Kh4 Qg5# {White checkmated} 0-1

[Event "Team 45 45 League T72"]
[Site "Internet Chess Club"]
[Date "2017.04.09"]
[Round "4"]
[White "pishd"]
[Black "fireball"]
[Result "1-0"]
[WhiteElo "1780"]
[BlackElo "1560"]
[Opening "King's Indian: East Indian defense"]
[ECO "A48"]
[Time "14:33:46"]
[TimeControl "2700+45"]

1. d4 Nf6 2. Nf3 g6 3. e3 Bg7 4. Be2 d6 5. O-O O-O 6. c4 c5 7. Nc3 Na6 8. d5 Nc7
9. e4 a6 10. h3 Bd7 11. a4 b5 12. axb5 axb5 13. Rxa8 Qxa8 14. cxb5 Rb8 15. Bf4
Nxb5 16. Bxb5 Bxb5 17. Re1 Bc4 18. Nd2 Ba6 19. e5 Nxd5 20. Nxd5 Qxd5 21. exd6
exd6 22. b3 Bb7 23. Qg4 Be5 24. Bxe5 dxe5 25. Nc4 Re8 26. Qg3 f6 27. h4 Qd4 28.
h5 g5 29. Ne3 Qf4 30. Nc4 Qxg3 31. fxg3 Re6 32. Rd1 Ba6 33. Rd8+ Kf7 34. Ne3 Ke7
35. Rh8 Bd3 36. g4 Kd6 37. Rd8+ Kc6 38. Rxd3 Re7 39. Nf5 Rd7 40. Rxd7 Kxd7 41.
Kf2 Kc6 42. Ke3 Kb5 43. Kd3 Kb4 44. Kc2 e4 45. h6 c4 46. bxc4 Kxc4 47. Kd2 Kd5
48. Ke3 Ke5 49. Ng3 Kd5 50. Nxe4 Ke5 51. Ng3 Kd5 52. Nh5 Ke5 53. Ng7 Kd6 54. Ke4
Ke7 55. Kf5 Kf7 56. Nh5 {Black resigns} 1-0

[Event "Team 45 45 League T72"]
[Site "Internet Chess Club"]
[Date "2017.04.08"]
[Round "4"]
[White "nidusin2"]
[Black "idjit"]
[Result "0-1"]
[WhiteElo "1556"]
[BlackElo "1595"]
[Opening "Queen's pawn game"]
[ECO "A46"]
[Time "20:01:37"]
[TimeControl "2700+45"]

1. d4 Nf6 2. Nf3 e6 3. Bf4 d5 4. e3 Bd6 5. Bg3 O-O 6. c4 Re8 7. Bd3 Nbd7 8. c5
Be7 9. Nc3 c6 10. O-O b6 11. b4 bxc5 12. bxc5 Qa5 13. Qc2 Ba6 14. Rfb1 Bxd3 15.
Qxd3 Rf8 16. Ne5 Nxe5 17. Bxe5 Nd7 18. Bg3 f6 19. Rb7 Qd8 20. Qa6 Qc8 21. Rab1
Bxc5 22. R1b3 Bb6 23. Ra3 e5 24. dxe5 fxe5 25. Rxd7 Qxd7 26. Bxe5 Qf5 27. Bg3
Qc2 28. Qe2 Qc1+ {White resigns} 0-1

[Event "Team 45 45 League T72"]
[Site "Internet Chess Club"]
[Date "2017.04.11"]
[Round "4"]
[White "Kingofknights"]
[Black "Skeptic1972"]
[Result "1-0"]
[WhiteElo "1508"]
[BlackElo "1523"]
[Opening "Nimzo-Indian: 4.e3 c5"]
[ECO "E41"]
[Time "20:56:28"]
[TimeControl "2700+45"]

1. d4 Nf6 2. c4 e6 3. Nc3 Bb4 4. e3 c5 5. Bd3 cxd4 6. exd4 d5 7. cxd5 Qxd5 8.
Nf3 O-O 9. O-O Qh5 10. Ne5 Qxd1 11. Rxd1 Nbd7 12. Bg5 h6 13. Bf4 Nb6 14. a3 Nbd5
15. Nxd5 Nxd5 16. Bg3 Be7 17. Be4 Rd8 18. Nc4 f5 19. Bxd5 Rxd5 20. Be5 Bd7 21.
Rac1 Rc8 22. Ne3 Rb5 23. Rxc8+ Bxc8 24. d5 Bd7 25. d6 Bf6 26. Bxf6 gxf6 27. b4
Kf7 28. Rc1 Ke8 29. f4 a5 30. Rc5 axb4 31. axb4 Rxb4 32. Rc7 Rd4 33. Rxb7 Rxd6
34. Rb8+ Kf7 35. Rb7 Kg6 36. Rb8 Rd4 37. Rg8+ Kh7 38. Rd8 e5 39. fxe5 fxe5 40.
g3 Rd3 41. Nc4 Rd1+ 42. Kf2 Ba4 43. Rxd1 Bxd1 44. Nxe5 h5 45. Ke3 Kh6 46. Kf4
Bg4 47. Nxg4+ hxg4 48. Kxf5 Kh5 49. Kf4 {Black resigns} 1-0

[Event "Team 45 45 League T72"]
[Site "Internet Chess Club"]
[Date "2017.04.05"]
[Round "4"]
[White "AdithJosh"]
[Black "VictorRed"]
[Result "1-0"]
[WhiteElo "1665"]
[BlackElo "1664"]
[Opening "Sicilian: closed, 2...Nc6"]
[ECO "B23"]
[Time "19:00:25"]
[TimeControl "2700+45"]

1. e4 c5 2. Nc3 Nc6 3. Bb5 Nd4 4. Nf3 Nxb5 5. Nxb5 a6 6. Nc3 e6 7. O-O Ne7 8. d4
cxd4 9. Nxd4 Nc6 10. Re1 Bb4 11. Nxc6 bxc6 12. Qd4 Bxc3 13. Qxc3 O-O 14. Bf4 a5
15. Re3 f6 16. Rg3 e5 17. Bh6 Rf7 18. Qc4 g6 19. Rd1 Qb6 20. Rb3 Qa6 21. Qe6 Bb7
22. Rxd7 {Black resigns} 1-0

[Event "Team 45 45 League T72"]
[Site "Internet Chess Club"]
[Date "2017.04.08"]
[Round "4"]
[White "Heian"]
[Black "viktory"]
[Result "0-1"]
[WhiteElo "1633"]
[BlackElo "1659"]
[Opening "Sicilian defense"]
[ECO "B30"]
[Time "13:01:16"]
[TimeControl "2700+45"]

1. e4 c5 2. Nf3 Nc6 3. c3 d5 4. e5 Bg4 5. Bb5 e6 6. d4 Qb6 7. Bxc6+ bxc6 8. dxc5
Bxc5 9. O-O Ne7 10. Nbd2 Ng6 11. Qa4 Bf5 12. b4 Be7 13. Nb3 Be4 14. Be3 Qc7 15.
Nbd4 O-O 16. Qxc6 Qxc6 17. Nxc6 Rfc8 18. Nxa7 Rxc3 19. Nb5 Rcc8 20. a3 Bd3 21.
Nd6 Bxd6 22. exd6 Bxf1 23. Kxf1 e5 24. Bc5 f6 25. a4 Nf4 26. a5 Nd3 27. Bb6 Rc6
28. Rb1 Rxd6 29. Rb3 Nf4 30. b5 e4 31. Ne1 Ne6 32. Nc2 d4 33. Ke1 d3 34. Ne3 Rc8
35. Kd2 g6 36. Ba7 Nd4 37. Bxd4 Rxd4 38. b6 Ra4 39. b7 Ra2+ 40. Kd1 Ra1+ 41. Kd2
Ra2+ 42. Ke1 Rc1+ 43. Nd1 Re2+ 44. Kf1 Rxd1# {White checkmated} 0-1

[Event "Team 45 45 League T72"]
[Site "Internet Chess Club"]
[Date "2017.04.08"]
[Round "4"]
[White "ascoli"]
[Black "cityprosecutor"]
[Result "1-0"]
[WhiteElo "1666"]
[BlackElo "1684"]
[Opening "Pirc defense"]
[ECO "B07"]
[Time "07:08:18"]
[TimeControl "2700+45"]

1. e4 d6 2. d4 Nf6 3. f3 c5 4. dxc5 Qa5+ 5. Nc3 Qxc5 6. Bd2 g6 7. b4 Qh5 8. Bb5+
Bd7 9. Bxd7+ Nbxd7 10. Nge2 Bg7 11. Ng3 Qe5 12. O-O O-O 13. Nce2 Rfc8 14. Kh1 h5
15. f4 Qb5 16. Nc3 Qb6 17. Rb1 Ng4 18. Nd5 Qd8 19. f5 e6 20. fxe6 fxe6 21. Nf4
Nxh2 22. Kxh2 Qh4+ 23. Nh3 Be5 24. Rf3 Nf6 25. Bg5 Bxg3+ 26. Rxg3 Ng4+ 27. Rxg4
Qxg4 28. Qd3 h4 29. e5 Qg3+ 30. Qxg3 hxg3+ 31. Kxg3 dxe5 32. Re1 Rxc2 33. Rxe5
Rxa2 34. Rxe6 Rc8 35. Rxg6+ Kf7 36. Rf6+ Kg7 37. Nf4 Rc3+ 38. Kh4 Rc4 39. Kh5
Rxb4 40. Ne6+ Kg8 41. Kg6 {Black resigns} 1-0

[Event "Team 45 45 League T72"]
[Site "Internet Chess Club"]
[Date "2017.04.09"]
[Round "4"]
[White "Portola"]
[Black "elessar"]
[Result "1-0"]
[WhiteElo "1782"]
[BlackElo "1673"]
[Opening "Queen's pawn game"]
[ECO "D02"]
[Time "19:00:31"]
[TimeControl "2700+45"]

1. d4 d5 2. Nf3 e6 3. c3 c6 4. Bf4 Bd6 5. Bg3 Nf6 6. Nbd2 O-O 7. e3 b6 8. Bd3
Ba6 9. Bxa6 Nxa6 10. Qe2 Nb8 11. e4 dxe4 12. Nxe4 Nxe4 13. Qxe4 Bxg3 14. hxg3
Qe7 15. Qxh7# {Black checkmated} 1-0

[Event "Team 45 45 League T72"]
[Site "Internet Chess Club"]
[Date "2017.04.06"]
[Round "4"]
[White "Constrictor"]
[Black "rubo"]
[Result "1/2-1/2"]
[WhiteElo "1553"]
[BlackElo "1659"]
[Opening "Queen's pawn game, Darooha variation "]
[ECO "D02"]
[Time "17:06:51"]
[TimeControl "2700+45"]

1. Nf3 d5 2. d4 Nf6 3. c4 e6 4. g3 b6 5. Bg2 Bb7 6. O-O c5 7. Qc2 Nc6 8. Rd1
cxd4 9. Nxd4 Nxd4 10. Rxd4 Qc8 11. b3 Bc5 12. Rd1 O-O 13. Ba3 Bxa3 14. Nxa3 Qc5
15. Qb2 Qe7 16. Rac1 Rfd8 17. cxd5 Bxd5 18. Nb5 Rd7 19. Qe5 Rad8 20. Rc7 a5 21.
Rxd7 Qxd7 22. Nc3 Qc8 23. Nxd5 exd5 24. Bxd5 Nxd5 25. Rxd5 {Game drawn by mutual
agreement} 1/2-1/2

[Event "Team 45 45 League T72"]
[Site "Internet Chess Club"]
[Date "2017.04.09"]
[Round "4"]
[White "nosir"]
[Black "Hal2001"]
[Result "0-1"]
[WhiteElo "1470"]
[BlackElo "1590"]
[Opening "Queen's pawn: Torre attack"]
[ECO "A46"]
[Time "08:07:08"]
[TimeControl "2700+45"]

1. d4 Nf6 2. Nf3 e6 3. Bg5 Be7 4. Nbd2 h6 5. Bh4 d6 6. e3 g5 7. Bg3 Nh5 8. Bd3
Nxg3 9. hxg3 Nd7 10. Qe2 a6 11. Ne4 b5 12. Nfd2 f5 13. Qh5+ Kf8 14. Nc3 Qe8 15.
Qf3 Rb8 16. g4 Bb7 17. Qg3 Qf7 18. f4 Kg7 19. O-O-O c5 20. Be2 b4 21. Ncb1 cxd4
22. exd4 Bd5 23. Nc4 gxf4 24. Qh3 Bg5 25. Nbd2 Qe7 26. gxf5 exf5 27. Qxf5 Be6
28. Qd3 Rbc8 29. d5 Bf7 30. Bf3 Ne5 31. Nxe5 Qxe5 32. Nc4 Qf6 33. Kb1 Bg6 34.
Be4 Bxe4 35. Qxe4 Rhe8 36. Qd4 Qxd4 37. Rxd4 Re2 38. Nxd6 Rcxc2 39. Rxb4 Rxg2
40. Rc1 Rxc1+ 41. Kxc1 f3+ 42. Kd1 Rg1+ 43. Kc2 f2 44. Rb7+ Kg6 45. Nf5 f1=Q 46.
Rg7+ Kxf5 47. Rf7+ Bf6 48. d6 Qd1# {White checkmated} 0-1

[Event "Team 45 45 League T72"]
[Site "Internet Chess Club"]
[Date "2017.04.09"]
[Round "4"]
[White "Zugzwanged"]
[Black "fishhead"]
[Result "0-1"]
[WhiteElo "1670"]
[BlackElo "1720"]
[Opening "Sicilian: closed"]
[ECO "B23"]
[Time "16:03:54"]
[TimeControl "2700+45"]

1. e4 c5 2. Nc3 d6 3. f4 Nf6 4. Nf3 g6 5. Bb5+ Nfd7 6. O-O a6 7. Bxd7+ Nxd7 8.
d3 Bg7 9. Qe1 b5 10. e5 O-O 11. e6 fxe6 12. Qxe6+ Kh8 13. Ng5 Qe8 14. Qh3 Nf6
15. Qh4 h6 16. Bd2 Kg8 17. Nge4 Qf7 18. a3 Bb7 19. Rae1 Rae8 20. Re2 Nd7 21.
Rfe1 d5 22. Nf2 e5 23. fxe5 g5 24. Qg3 Nxe5 25. h3 Ng6 26. Rxe8 Rxe8 27. Rxe8+
Qxe8 28. Qd6 Bf8 29. Qc7 Qf7 30. Qd8 Kg7 31. Ng4 Qe7 32. Qxe7+ Bxe7 33. g3 h5
34. Ne3 Bf6 35. Nf5+ Kf8 36. b3 Ne5 37. Kf2 Bc6 38. Ne2 d4 39. Nd6 Be7 40. Ne4
g4 41. h4 Nf3 42. Bf4 Kf7 43. Ng1 Nxg1 44. Kxg1 Ke6 45. Ng5+ Kd5 46. Kf2 a5 47.
Ke2 c4 48. Bd2 c3 49. Bc1 Ke5 50. Nf7+ Ke6 51. Ng5+ Kf5 52. Kf2 Bd5 53. Nh7 a4
54. b4 Bb3 55. Ng5 Bxc2 56. Ke2 Bb3 57. Ne4 Bd5 58. Ng5 Bd6 59. Kf2 Be5 60. Ne4
Bxe4 61. dxe4+ Kxe4 {White resigns} 0-1

[Event "Team 45 45 League T72"]
[Site "Internet Chess Club"]
[Date "2017.04.10"]
[Round "4"]
[White "filmdirector"]
[Black "Demachaeron"]
[Result "1-0"]
[WhiteElo "1557"]
[BlackElo "1581"]
[Opening "Petrov: classical attack"]
[ECO "C42"]
[Time "20:00:17"]
[TimeControl "2700+45"]

1. e4 e5 2. Nf3 Nf6 3. Nxe5 d6 4. Nf3 Nxe4 5. d4 d5 6. Nc3 Bg4 7. Be2 Nf6 8. O-O
c6 9. Re1 Be7 10. h3 Be6 11. Ng5 Bc8 12. a4 O-O 13. a5 h6 14. Nf3 Be6 15. a6 b6
16. Bd3 Qc8 17. Ne2 Re8 18. c3 Nbd7 19. Nf4 Nf8 20. Nxe6 Nxe6 21. Ne5 Nd7 22.
Ng4 Bg5 23. Bc2 Qc7 24. Qd3 Ndf8 25. Bxg5 Nxg5 26. Ne5 Re6 27. Re3 Rae8 28. Rae1
Ne4 29. f3 Ng3 30. Kf2 Nh5 31. Qf5 Nf6 32. g4 Rc8 33. h4 c5 34. Bb1 Ne8 35. g5
g6 36. Qh3 h5 37. f4 cxd4 38. cxd4 Nd6 39. f5 gxf5 40. Bxf5 Nxf5 41. Qxf5 Qe7
42. Rf3 Rc7 43. b4 Ng6 44. Nxg6 Qxb4 45. Rxe6 Qxd4+ 46. Ree3 fxg6 47. Qf8+ Kh7
48. Qh6+ {Black resigns} 1-0

[Event "Team 45 45 League T72"]
[Site "Internet Chess Club"]
[Date "2017.04.10"]
[Round "4"]
[White "bradleyguo175"]
[Black "seattleblues"]
[Result "1-0"]
[WhiteElo "1588"]
[BlackElo "1309"]
[Opening "Queen's Indian: old main line, 7.Nc3"]
[ECO "E18"]
[Time "20:01:02"]
[TimeControl "2700+45"]

1. d4 Nf6 2. c4 e6 3. Nf3 b6 4. g3 Bb7 5. Bg2 Be7 6. O-O O-O 7. Nc3 d5 8. Ne5
Nbd7 9. Qa4 c5 10. Nxd7 Qxd7 11. Qxd7 Nxd7 12. dxc5 Nxc5 13. cxd5 exd5 14. Nxd5
Bd8 15. Bf4 Rc8 16. Rac1 Ne6 17. Bd6 Re8 18. Nc7 Bxg2 19. Nxe8 Bxf1 20. Rxc8
Bxe2 21. Be7 {Black resigns} 1-0

[Event "Team 45 45 League T72"]
[Site "Internet Chess Club"]
[Date "2017.04.10"]
[Round "4"]
[White "vic20gt"]
[Black "pokerram"]
[Result "1/2-1/2"]
[WhiteElo "1324"]
[BlackElo "1600"]
[Opening "King's Indian: Averbakh system"]
[ECO "E73"]
[Time "15:00:21"]
[TimeControl "2700+45"]

1. d4 Nf6 2. c4 g6 3. Nc3 Bg7 4. e4 d6 5. Be2 O-O 6. Bg5 Na6 7. Nf3 e5 8. dxe5
dxe5 9. Nxe5 Qxd1+ 10. Rxd1 Nxe4 11. Nxe4 Bxe5 12. Bf6 Bxf6 13. Nxf6+ Kg7 14.
Nd5 c6 15. Ne3 Be6 16. Nc2 c5 17. Ne3 Rad8 18. Nd5 Nb4 19. Nxb4 Rxd1+ 20. Kxd1
cxb4 21. Kc2 Rc8 22. Kb3 a5 23. Rc1 b5 24. a4 bxa3 25. bxa3 Kf6 26. a4 bxc4+ 27.
Bxc4 Rb8+ 28. Ka3 Rc8 29. Kb3 Bd5 30. f3 Kf5 31. Rc3 Rb8+ 32. Kc2 Ke5 33. Bxd5
Kxd5 34. Rd3+ Ke6 35. Re3+ Kf6 36. Rb3 Rc8+ {Game drawn by mutual agreement}
1/2-1/2

[Event "Team 45 45 League T72"]
[Site "Internet Chess Club"]
[Date "2017.04.06"]
[Round "4"]
[White "uzi"]
[Black "kwen2008"]
[Result "0-1"]
[WhiteElo "1662"]
[BlackElo "1476"]
[Opening "Evans gambit: compromised defense"]
[ECO "C52"]
[Time "11:30:12"]
[TimeControl "2700+45"]

1. e4 e5 2. Nf3 Nc6 3. Bc4 Bc5 4. b4 Bxb4 5. c3 Ba5 6. d4 exd4 7. O-O dxc3 8.
Qd5 Qf6 9. Bg5 Qe6 10. Qd3 Qd6 11. Qe3 Ne5 12. Bf4 Nxc4 13. Bxd6 Nxe3 14. fxe3
cxd6 15. Nd4 Nf6 16. Nf5 O-O 17. Na3 Nxe4 18. Ne7+ Kh8 19. Rf4 Nf6 20. Nb5 b6
21. Rc1 Ba6 22. Nc7 Rad8 23. Nxa6 Rfe8 24. Nf5 Re4 25. Nxd6 Rxf4 26. exf4 Kg8
27. Nc7 Kf8 28. Kf2 g6 29. Ndb5 Rc8 30. Ke2 Ne4 31. Rc2 Nc5 32. Nd5 Re8+ 33. Kd1
Nd3 34. Nbxc3 b5 35. g3 b4 36. Ne2 Re6 37. f5 Rd6 38. f6 Rc6 39. Nd4 Rxc2 40.
Kxc2 Nc5 41. Nb5 a6 42. Nd4 Ke8 43. Nb3 Nxb3 44. Kxb3 Kd8 45. Nxb4 Bxb4 46. Kxb4
Kc7 47. Kc5 d6+ 48. Kd5 Kd7 49. a3 h5 50. h3 Kc7 51. Kc4 Kc6 52. Kd4 d5 53. a4
a5 54. g4 h4 55. g5 Kd6 56. Kd3 Kc5 57. Kc3 d4+ {White resigns} 0-1

[Event "Team 45 45 League T72"]
[Site "Internet Chess Club"]
[Date "2017.04.08"]
[Round "4"]
[White "tuotuo123"]
[Black "Constrictor"]
[Result "0-1"]
[WhiteElo "1478"]
[BlackElo "1566"]
[Opening "Caro-Kann: Bronstein-Larsen variation"]
[ECO "B16"]
[Time "13:00:43"]
[TimeControl "2700+45"]

1. e4 c6 2. d4 d5 3. Nc3 dxe4 4. Nxe4 Nf6 5. Nxf6+ gxf6 6. Be3 Bf5 7. Be2 Nd7 8.
Nf3 e6 9. Nh4 Be4 10. f3 Bg6 11. Nxg6 hxg6 12. c4 Bd6 13. f4 Qc7 14. g3 f5 15.
c5 Be7 16. b4 a6 17. Qd3 Nf6 18. Bg1 Nd5 19. a3 Bf6 20. O-O-O g5 21. fxg5 Bxg5+
22. Kb1 Ke7 23. Re1 Rad8 24. Bf3 Bf6 25. Qxf5 Nc3+ 26. Kc2 Nb5 27. d5 cxd5 28.
Bxd5 Rxd5 29. Qxd5 Rd8 30. Qa2 Qd7 31. Be3 Qd3+ 32. Kc1 Qc3+ 33. Qc2 Qa1+ 34.
Qb1 Qxa3+ {White resigns} 0-1

[Event "Team 45 45 League T72"]
[Site "Internet Chess Club"]
[Date "2017.04.09"]
[Round "4"]
[White "guyd52"]
[Black "sdk"]
[Result "0-1"]
[WhiteElo "1309"]
[BlackElo "1397"]
[Opening "Benko's opening"]
[ECO "A00"]
[Time "18:01:02"]
[TimeControl "2700+45"]

1. g3 f5 2. Bg2 Nf6 3. Nf3 g6 4. d3 Bg7 5. e3 Nc6 6. d4 O-O 7. Nbd2 d6 8. O-O e5
9. Nc4 e4 10. Nfd2 b6 11. c3 d5 12. Na3 Ba6 13. c4 Nb4 14. Qa4 c5 15. f3 Qd7 16.
Qxd7 Nxd7 17. Rf2 cxd4 18. exd4 e3 19. Re2 exd2 20. Bxd2 Bxd4+ 21. Be3 Bxe3+ 22.
Rxe3 dxc4 23. f4 Rac8 24. Bd5+ Nxd5 25. Re5 Nxe5 {White resigns} 0-1

[Event "Team 45 45 League T72"]
[Site "Internet Chess Club"]
[Date "2017.04.09"]
[Round "4"]
[White "dinosaurchess"]
[Black "tamky70"]
[Result "1/2-1/2"]
[WhiteElo "1337"]
[BlackElo "1336"]
[Opening "French: Tarrasch"]
[ECO "C03"]
[Time "14:30:18"]
[TimeControl "2700+45"]

1. e4 e6 2. d4 d5 3. Nd2 dxe4 4. Nxe4 Nf6 5. Nc3 Nd5 6. Nxd5 Qxd5 7. Nf3 Nd7 8.
Be2 Nb6 9. O-O c6 10. b3 Be7 11. Bb2 Qd8 12. Re1 Nd7 13. Qd2 Bf6 14. Rad1 O-O
15. c4 Nb6 16. Bd3 Nd7 17. Bb1 Re8 18. Ne5 Nxe5 19. dxe5 Qxd2 20. Rxd2 Be7 21.
Red1 b6 22. Be4 Bb7 23. Rd7 Rad8 24. Rxd8 Rxd8 25. Rxd8+ Bxd8 26. Kf1 g6 27. Ke2
Kf8 28. b4 Ke7 29. b5 Kd7 30. bxc6+ Bxc6 31. Bxc6+ Kxc6 32. Kd3 Be7 33. a4 a5
34. Bd4 Bc5 35. Bxc5 Kxc5 36. Kc3 g5 37. g4 Kc6 38. Kd4 Kd7 39. c5 Kc6 40. cxb6
Kxb6 41. Kc4 Kc6 42. h3 Kb6 43. Kd4 Kc6 44. Kc4 Kb6 45. Kd4 Kc6 {Game drawn by
mutual agreement} 1/2-1/2

[Event "Team 45 45 League T72"]
[Site "Internet Chess Club"]
[Date "2017.04.07"]
[Round "4"]
[White "chuckh2"]
[Black "Barnabe"]
[Result "1/2-1/2"]
[WhiteElo "1482"]
[BlackElo "1670"]
[Opening "Queen's pawn, Mason variation"]
[ECO "D00"]
[Time "16:00:40"]
[TimeControl "2700+45"]

1. d4 d5 2. Bf4 Nf6 3. e3 e6 4. Nf3 c5 5. c3 Nc6 6. Be2 Bd6 7. Ne5 O-O 8. Nd2
Qc7 9. Ndf3 cxd4 10. exd4 Ne4 11. g3 Bxe5 12. Bxe5 Nxe5 13. dxe5 Bd7 14. Rc1
Rac8 15. Qd4 Qc5 16. O-O Qxd4 17. Nxd4 Rfd8 18. Rfd1 f6 19. f4 fxe5 20. fxe5 Rf8
21. Rf1 Rxf1+ 22. Rxf1 Rf8 23. Rxf8+ Kxf8 {Game drawn by mutual agreement}
1/2-1/2

[Event "Team 45 45 League T72"]
[Site "Internet Chess Club"]
[Date "2017.04.06"]
[Round "4"]
[White "mongmong"]
[Black "bmw2002"]
[Result "1-0"]
[WhiteElo "1513"]
[BlackElo "1495"]
[Opening "King's Indian: 5.Nf3"]
[ECO "E90"]
[Time "18:01:40"]
[TimeControl "2700+45"]

1. d4 Nf6 2. Nf3 g6 3. c4 Bg7 4. Nc3 d6 5. e4 O-O 6. h3 a5 7. Bg5 h6 8. Bh4 Na6
9. Be2 c5 10. Bg3 cxd4 11. Nxd4 Bd7 12. f3 Nh5 13. Bf2 Nc7 14. O-O Nf4 15. Rc1
Nce6 16. Nxe6 Bxe6 17. Bg3 Nxe2+ 18. Qxe2 Rc8 19. b3 Bd7 20. Bf2 e6 21. Rfd1 Qg5
22. Be3 Qe7 23. Qd2 d5 24. exd5 exd5 25. Nxd5 Qh4 26. Bd4 Be6 27. Bxg7 Kxg7 28.
Qd4+ Qxd4+ 29. Rxd4 b5 30. Nf4 bxc4 31. Nxe6+ fxe6 32. Rdxc4 Rxc4 33. Rxc4 Ra8
34. Ra4 Kf6 35. b4 Kf5 36. Rxa5+ Rxa5 37. bxa5 Ke5 38. Kf2 Kd5 39. Ke3 Kc5 40.
Ke4 Kb5 41. Ke5 Kxa5 42. Kxe6 {Black resigns} 1-0

[Event "Team 45 45 League T72"]
[Site "Internet Chess Club"]
[Date "2017.04.06"]
[Round "4"]
[White "BrerRabbit"]
[Black "jmdana"]
[Result "0-1"]
[WhiteElo "1359"]
[BlackElo "1549"]
[Opening "Queen's pawn, Mason variation"]
[ECO "D00"]
[Time "14:02:46"]
[TimeControl "2700+45"]

1. d4 d5 2. Bf4 Nc6 3. e3 Nf6 4. c4 Bf5 5. Nc3 e6 6. Nf3 Bb4 7. a3 Bxc3+ 8. bxc3
O-O 9. cxd5 Nxd5 10. Bg3 Nxc3 11. Qb3 Ne4 12. Qxb7 Na5 13. Qxc7 Nb3 14. Qxd8
Rfxd8 15. Ra2 Rac8 16. Bc4 Rxc4 17. O-O Nxg3 18. hxg3 f6 19. Rb2 Rc3 20. a4 Rdc8
21. Nh4 Be4 22. Nf3 g5 23. Rd1 h5 24. Ne1 Rc1 25. Rxc1 Rxc1 26. Rxb3 Rxe1+ 27.
Kh2 g4 28. Rc3 Rf1 29. f3 gxf3 30. gxf3 Bxf3 31. g4 h4 32. e4 Rh1# {White
checkmated} 0-1

[Event "Team 45 45 League T72"]
[Site "Internet Chess Club"]
[Date "2017.04.10"]
[Round "4"]
[White "Ajolote"]
[Black "rubo"]
[Result "1-0"]
[WhiteElo "1706"]
[BlackElo "1645"]
[Opening "Ruy Lopez: Schliemann defense"]
[ECO "C63"]
[Time "18:00:23"]
[TimeControl "2700+45"]

1. e4 e5 2. Nf3 Nc6 3. Bb5 f5 4. d3 fxe4 5. dxe4 Nf6 6. O-O d6 7. Nc3 Bg4 8. Qd3
Bxf3 9. Qxf3 g6 10. Nd5 Bg7 11. Bg5 O-O 12. Nxf6+ Bxf6 13. Qb3+ Kg7 14. Bxf6+
Rxf6 15. Bxc6 bxc6 16. Rad1 Qb8 17. Qc3 Qb6 18. Rd2 Raf8 19. b3 a5 20. a3 c5 21.
Qc4 Rf4 22. f3 Qc6 23. Rfd1 Qb6 24. Kh1 R4f6 25. Qd3 Rf4 26. Qd5 R4f6 27. Qc4
Qb7 28. Kg1 Qb6 29. Kh1 g5 30. Qd3 h5 31. Qe3 Kg6 32. Rf2 g4 33. Rdf1 Qb5 34.
Kg1 gxf3 35. Rxf3 Rxf3 36. Rxf3 Rxf3 37. Qxf3 Qd7 38. Kf2 c6 39. Qg3+ Qg4 40.
Qxg4+ hxg4 41. c4 Kg5 42. Kg3 Kh5 43. h3 gxh3 44. gxh3 Kg5 45. h4+ Kh5 46. Kh3
Kh6 47. Kg4 Kg6 48. h5+ Kh6 49. Kh4 d5 50. cxd5 cxd5 51. exd5 e4 52. d6 e3 53.
Kg3 e2 54. Kf2 {Black resigns} 1-0

[Event "Team 45 45 League T72"]
[Site "Internet Chess Club"]
[Date "2017.04.08"]
[Round "4"]
[White "nosir"]
[Black "Gilguli"]
[Result "0-1"]
[WhiteElo "1482"]
[BlackElo "1351"]
[Opening "Torre attack (Tartakower variation)"]
[ECO "D03"]
[Time "08:03:43"]
[TimeControl "2700+45"]

1. d4 d5 2. Nf3 Nf6 3. Bg5 e6 4. Nbd2 Be7 5. e3 Nc6 6. c3 h6 7. Bxf6 Bxf6 8. Bd3
e5 9. dxe5 Nxe5 10. Nxe5 Bxe5 11. Nf3 Bg4 12. h3 Bxf3 13. Qxf3 Qd6 14. Rd1 O-O
15. O-O c6 16. Rd2 Qf6 17. Qg4 Rae8 18. Re1 Bc7 19. Rde2 Qd6 20. g3 Re5 21. h4
Rfe8 22. Bf5 Qf6 23. Bc2 Qe6 24. Qb4 Bb6 25. a4 Qe7 26. Qg4 Bc7 27. Bd3 Qd6 28.
c4 dxc4 29. Bxc4 Re4 30. Bxf7+ Kxf7 31. Qf5+ Qf6 32. Qd7+ R8e7 33. Qd3 Qe5 34.
f3 Qxg3+ 35. Rg2 Qxf3 36. Rf2 Qxf2+ 37. Kxf2 Rxe3 38. Qf5+ Kg8 39. Qc8+ Re8 40.
Qxe8+ Rxe8 41. Rxe8+ Kf7 42. Re2 Bb6+ 43. Kf3 Bd4 44. b3 c5 45. Kg4 Kf6 46. Re4
Be5 47. h5 a6 48. Rc4 Bd4 49. b4 b6 50. b5 axb5 51. axb5 Ke5 52. Rc2 Kd5 53. Kf4
c4 54. Rc1 Kc5 55. Ke4 Bb2 56. Rc2 c3 57. Kf5 Kd4 58. Rg2 Kd3 59. Rxg7 c2 60.
Rd7+ Ke2 61. Re7+ Kf3 62. Kg6 c1=Q 63. Rf7+ Kg4 64. Rf5 Qc2 {White resigns} 0-1